Map: Orbital Shipyard

Players

SortOf - Winner!

  • Race: Zerg Zerg
  • League: Grandmaster

PartinG

  • Race: Protoss Protoss

Event: DreamHack ROCCAT LotV Championship

VOD

Have the link to the VOD?

Description

Time

  • Played on: Nov. 26, 2015, 8:27 a.m.
  • Length: 18:24

All games in this series

Show
View Real Time Build Order
Export as new Build Order

SortOf Zerg - Winner!

Build Orders: 3 Hatch before Pool 

Get SALT Encoding   

  12  0:00  Drone  
  13  0:12  Overlord  
  13  0:17  Drone  
  14  0:30  Drone x2  
  14  0:34  Drone  
  17  0:44  Drone  
  18  0:56  Hatchery  
  17  0:59  Drone  
  18  1:07  Drone  
  19  1:22  Hatchery  
  19  1:25  Drone  
  19  1:28  Drone  
  19  1:32  Extractor  
  19  1:42  Spawning Pool  
  19  1:46  Drone  
  19  1:50  Drone  
  20  2:00  Drone  
  21  2:08  Drone  
  21  2:13  Drone  
  23  2:20  Overlord  
  23  2:23  Drone  
  24  2:32  Zergling x4  
  24  2:33  Queen  
  24  2:34  Queen  
  30  2:41  Metabolic Boost, Drone  
  31  2:47  Zergling x4  
  31  2:50  Drone  
  34  3:03  Overlord, Queen  
  36  3:08  Drone, Queen  
  39  3:13  Zergling x4  
  40  3:27  Zergling x2  
  40  3:31  Zergling x6  
  40  3:32  Overlord  
  42  3:35  Spine Crawler  
  42  3:37  Evolution Chamber  
  40  3:44  Drone x2  
  40  3:50  Drone x2  
  40  3:51  Drone x3  
  40  3:54  Drone x2  
  44  4:02  Zergling x4  
  45  4:03  Zergling x4  
  47  4:12  Drone x2  
  47  4:13  Drone  
  50  4:18  Drone, Roach Warren  
  50  4:23  Drone x2  
  50  4:28  Zergling x2  
  49  4:38  Overlord  
  49  4:40  Zergling x8  
  49  4:42  Overlord  
  53  4:46  Drone  
  53  4:51  Drone  
  52  4:57  Drone x2, Extractor  
  52  4:58  Drone x2, Roach Warren  
  50  5:05  Zerg Melee Weapons Level 1  
  49  5:11  Drone x5  
  54  5:16  Roach  
  56  5:22  Extractor  
  56  5:25  Evolution Chamber, Roach, Zergling x6  
  56  5:26  Zergling x4  
  61  5:32  Roach x2  
  64  5:38  Zergling x2  
  64  5:39  Zergling x10  
  64  5:42  Drone x2  
  70  5:46  Drone  
  67  5:50  Drone x2  
  67  5:53  Ravager  
  67  5:56  Drone  
  67  5:57  Drone x2  
  72  6:02  Drone x2  
  72  6:07  Overlord  
  67  6:12  Lair  
  67  6:16  Drone x5  
  72  6:24  Drone  
  72  6:25  Overlord, Queen  
  75  6:26  Overlord  
  75  6:32  Zerg Ground Armor Level 1  
  75  6:34  Overlord  
  75  6:39  Drone  
  76  6:40  Drone x3  
  76  6:41  Drone x2  
  76  6:42  Extractor  
  76  6:44  Extractor  
  73  6:50  Zergling x8  
  75  6:58  Roach x5  
  85  7:03  Zergling x8  
  86  7:13  Drone x4  
  86  7:17  Drone  
  86  7:18  Infestation Pit  
  86  7:24  Hatchery  
  86  7:27  Drone x5  
  86  7:29  Overseer  
  90  7:31  Drone x2  
  90  7:35  Zerg Melee Weapons Level 2  
  92  7:40  Zergling x6  
  95  7:48  Zergling x10  
  100  7:52  Hydralisk Den  
  100  7:54  Spore Crawler  
  100  7:56  Spore Crawler  
  100  7:57  Drone x4  
  101  8:01  Spore Crawler  
  101  8:03  Overlord  
  100  8:06  Pathogen Glands  
  99  8:13  Hive  
  99  8:19  Overlord  
  87  8:30  Zergling x28  
  94  8:35  Drone x3  
  93  8:42  Drone, Hydralisk x3  
  93  8:45  Lurker Den  
  100  8:50  Zerg Ground Armor Level 2  
  100  8:54  Hydralisk x2  
  104  8:59  Hydralisk x2  
  108  9:03  Spore Crawler  
  108  9:04  Overlord  
  108  9:06  Overlord  
  107  9:10  Overlord  
  107  9:14  Overlord  
  103  9:18  Overlord  
  103  9:22  Queen  
  103  9:24  Hydralisk x4  
  110  9:31  Hydralisk x2  
  110  9:36  Hydralisk x3  
  110  9:37  Hydralisk  
  115  9:42  Hydralisk x2  
  115  9:43  Zergling x4  
  116  9:46  Hydralisk  
  116  9:48  Overlord  
  116  9:49  Drone  
  116  9:50  Drone  
  109  10:07  Viper  
  109  10:08  Drone x7  
  109  10:09  Extractor  
  116  10:15  Hydralisk x3  
  116  10:18  Drone x2, Zergling x2  
  122  10:21  Extractor  
  122  10:23  Queen  
  122  10:25  Lurker  
  122  10:26  Drone x3  
  122  10:27  Drone  
  128  10:30  Zergling x8, Extractor  
  131  10:38  Viper  
  134  10:45  Queen, Zergling x8  
  134  10:47  Overlord  
  139  10:51  Adrenal Glands  
  139  10:52  Overlord  
  139  10:58  Zergling x10  
  142  11:07  Zerg Ground Armor Level 3  
  142  11:09  Drone  
  142  11:10  Drone x2  
  144  11:12  Overlord  
  144  11:14  Zergling x10  
  149  11:21  Overseer  
  149  11:24  Hatchery  
  148  11:26  Ultralisk Cavern, Zergling x2  
  145  11:40  Zerg Melee Weapons Level 3  
  138  11:57  Zergling x4  
  138  11:58  Zergling x14  
  144  12:05  Spire  
  144  12:07  Spine Crawler  
  142  12:08  Overlord x2  
  142  12:09  Overlord  
  142  12:12  Chitinous Plating  
  142  12:13  Ultralisk x2  
  154  12:19  Overseer  
  154  12:28  Ultralisk, Zergling x16  
  154  12:29  Pneumatized Carapace  
  168  12:33  Zergling x16  
  168  12:34  Zergling x6  
  178  12:40  Overseer  
  178  12:49  Ultralisk  
  178  12:50  Zergling x10  
  188  13:03  Spine Crawler  
  185  13:11  Overlord  
  185  13:12  Ultralisk  
  197  13:13  Ultralisk  
  197  13:27  Drone  
  197  13:29  Overlord  
  197  13:31  Spine Crawler  
  197  13:39  Spire, Greater Spire  
  196  13:44  Spine Crawler  
  196  13:48  Extractor  
  194  13:49  Extractor  
  191  14:01  Drone  
  191  14:02  Drone  
  188  14:09  Ultralisk x2  
  194  14:17  Zerg Missile Weapons Level 1  
  194  14:18  Spine Crawler  
  194  14:19  Drone x6, Spine Crawler x2  
  194  14:20  Drone x3, Spore Crawler  
  194  14:21  Spore Crawler  
  191  14:25  Spore Crawler  
  189  14:31  Spore Crawler  
  189  14:32  Spore Crawler  
  189  14:33  Viper x2  
  190  14:40  Zergling x2  
  191  14:49  Corruptor x3  
  192  14:58  Zerg Flyer Weapons Level 1, Zerg Flyer Armor Level 1  
  187  15:07  Overseer  
  187  15:11  Zergling x12  
  187  15:12  Zergling x6  
  193  15:17  Drone  
  193  15:18  Drone x3  
  193  15:33  Brood Lord x2  
  193  15:34  Brood Lord  
  194  15:51  Zergling x10  
  194  15:52  Zergling x2  
  200  16:04  Zergling x10  
  190  16:25  Zergling x20  
  180  16:26  Zergling x28  
  180  16:28  Overseer  
  197  16:34  Corruptor  
  181  16:47  Ultralisk  
  184  16:57  Corruptor x2  
  166  17:19  Zergling x6  
  166  17:20  Zergling x16  
  169  17:36  Zergling x14  
  136  17:38  Zergling x2  
  136  17:41  Zergling x2  
  101  17:45  Zergling x2  
  79  17:56  Zergling x2  
  79  17:57  Zergling x6  
  68  18:05  Zergling x4  
  68  18:06  Zergling x2  
Show
View Real Time Build Order
Export as new Build Order

PartinG Protoss 

Build Orders: Nexus First, Mass Adepts 

Get SALT Encoding   

  12  0:00  Probe (Chrono Boost)  
  13  0:11  Probe (Chrono Boost)  
  14  0:19  Pylon  
  14  0:22  Probe (Chrono Boost)  
  15  0:37  Probe (Chrono Boost)  
  16  0:48  Probe (Chrono Boost)  
  17  0:57  Nexus  
  17  1:07  Gateway  
  17  1:10  Probe (Chrono Boost)  
  18  1:16  Assimilator  
  18  1:20  Probe (Chrono Boost)  
  18  1:24  Assimilator  
  19  1:31  Probe (Chrono Boost)  
  20  1:41  Probe (Chrono Boost)  
  20  1:42  Gateway  
  21  1:52  Probe (Chrono Boost)  
  22  1:55  Cybernetics Core  
  22  2:02  Probe (Chrono Boost)  
  23  2:09  Probe (Chrono Boost)  
  23  2:13  Probe (Chrono Boost)  
  25  2:20  Probe (Chrono Boost)  
  26  2:24  Probe (Chrono Boost)  
  27  2:30  Probe (Chrono Boost)  
  27  2:32  Adept x2 (Chrono Boost)  
  27  2:34  Probe  
  27  2:35  Warp Gate  
  33  2:42  Mothership Core (Chrono Boost)  
  35  2:46  Probe (Chrono Boost)  
  36  2:53  Pylon  
  36  3:03  Adept (Chrono Boost)  
  38  3:11  Probe x2 (Chrono Boost), Adept (Chrono Boost)  
  42  3:19  Robotics Facility  
  42  3:24  Pylon  
  42  3:26  Pylon  
  42  3:32  Probe  
  42  3:33  Probe  
  42  3:34  Adept (Chrono Boost)  
  46  3:43  Adept (Chrono Boost)  
  48  3:49  Probe x2, Pylon  
  48  3:53  Pylon  
  46  3:59  Adept (Chrono Boost)  
  48  4:05  Probe x2  
  48  4:06  Adept (Chrono Boost)  
  48  4:08  Robotics Bay  
  48  4:09  Forge  
  52  4:17  Probe x2  
  52  4:20  Warp Prism (Chrono Boost)  
  56  4:30  Probe x2, Assimilator  
  56  4:31  Assimilator  
  56  4:40  Adept  
  56  4:41  Adept  
  56  4:42  Probe  
  56  4:43  Probe  
  55  4:59  Disruptor (Chrono Boost)  
  50  5:00  Probe x2, Adept  
  57  5:07  Adept  
  57  5:13  Probe, Pylon  
  57  5:14  Probe  
  59  5:17  Gravitic Drive (Chrono Boost)  
  59  5:25  Probe  
  59  5:26  Probe  
  59  5:27  Pylon  
  61  5:33  Disruptor  
  61  5:38  Probe x2  
  62  5:51  Probe x2  
  62  5:52  Nexus  
  64  6:00  Pylon  
  64  6:01  Pylon  
  60  6:04  Disruptor  
  60  6:09  Probe (Chrono Boost)  
  60  6:10  Probe (Chrono Boost)  
  65  6:14  Pylon  
  65  6:15  Pylon  
  65  6:24  Pylon, Stargate  
  65  6:27  Stargate  
  65  6:29  Probe (Chrono Boost)  
  65  6:31  Probe (Chrono Boost)  
  67  6:38  Photon Cannon  
  67  6:41  Probe (Chrono Boost), Photon Cannon  
  68  6:50  Disruptor  
  68  6:52  Probe (Chrono Boost)  
  68  6:53  Probe (Chrono Boost)  
  73  6:56  Zealot x2  
  73  6:58  Protoss Air Weapons Level 1  
  77  7:03  Probe (Chrono Boost)  
  77  7:05  Probe (Chrono Boost)  
  75  7:12  Phoenix (Chrono Boost)  
  75  7:14  Phoenix (Chrono Boost)  
  74  7:17  Probe x2  
  74  7:22  Probe  
  73  7:23  Assimilator  
  73  7:24  Assimilator  
  73  7:25  Warp Prism (Chrono Boost)  
  73  7:29  Probe  
  78  7:30  Probe  
  78  7:31  Phoenix  
  78  7:33  Phoenix  
  78  7:36  Probe  
  81  7:42  Probe x2  
  85  7:46  Pylon  
  85  7:47  Pylon  
  85  7:49  Pylon  
  85  7:53  Twilight Council, Probe  
  85  7:54  Probe x2  
  85  7:56  Phoenix  
  85  7:57  Phoenix  
  88  8:04  Disruptor (Chrono Boost)  
  95  8:06  Probe x2  
  95  8:09  Pylon  
  95  8:11  Zealot  
  99  8:25  Zealot  
  101  8:31  Probe (Chrono Boost)  
  101  8:32  Probe (Chrono Boost)  
  101  8:33  Disruptor (Chrono Boost)  
  89  8:36  Phoenix  
  89  8:37  Phoenix  
  93  8:43  Probe (Chrono Boost)  
  93  8:45  Probe (Chrono Boost)  
  95  8:50  Probe (Chrono Boost)  
  96  8:57  Probe (Chrono Boost)  
  96  8:59  Probe (Chrono Boost)  
  96  9:01  Phoenix (Chrono Boost)  
  96  9:02  Phoenix (Chrono Boost)  
  102  9:15  Disruptor  
  105  9:22  Blink  
  105  9:23  Phoenix (Chrono Boost)  
  109  9:24  Phoenix (Chrono Boost)  
  109  9:28  Dark Shrine  
  109  9:31  Zealot x2  
  93  10:08  Disruptor  
  96  10:21  Gateway  
  96  10:22  Gateway  
  96  10:24  Nexus  
  96  10:25  Gateway  
  96  10:27  Pylon, Photon Cannon  
  96  10:28  Pylon  
  96  10:30  Gateway  
  96  10:31  Stalker x2, Photon Cannon  
  100  10:38  Gateway  
  100  10:39  Pylon  
  99  10:44  Protoss Ground Weapons Level 1 (Chrono Boost)  
  99  10:54  Templar Archives  
  99  10:57  Zealot x2  
  103  11:19  Photon Cannon x2  
  103  11:21  Zealot x2, Photon Cannon  
  103  11:22  Photon Cannon  
  103  11:24  Immortal (Chrono Boost)  
  103  11:25  Pylon  
  111  11:26  Psionic Storm  
  111  11:29  Gateway  
  109  11:46  Stalker x2  
  109  11:47  Stalker x4  
  115  11:48  Zealot  
  115  11:51  Probe x2  
  115  11:52  Probe  
  119  12:03  Probe  
  119  12:04  Probe x2  
  119  12:05  Immortal (Chrono Boost)  
  119  12:08  Probe  
  126  12:13  Pylon  
  127  12:15  Dark Templar x2  
  127  12:16  Dark Templar  
  127  12:18  Probe, Assimilator  
  134  12:23  Assimilator  
  134  12:31  Photon Cannon  
  134  12:33  Photon Cannon  
  134  12:35  Protoss Ground Weapons Level 2 (Chrono Boost)  
  138  12:52  Immortal (Chrono Boost)  
  138  12:56  Robotics Facility  
  138  13:19  Forge  
  138  13:26  Immortal (Chrono Boost)  
  136  13:28  High Templar x4  
  136  13:29  High Templar x4  
  150  13:43  Immortal (Chrono Boost)  
  154  13:55  Probe  
  154  13:56  Probe  
  154  13:57  Probe x2  
  154  14:08  Probe  
  154  14:09  Pylon  
  155  14:10  Pylon  
  155  14:15  Immortal (Chrono Boost)  
  159  14:17  Immortal (Chrono Boost)  
  161  14:35  Stalker x8  
  175  14:39  Protoss Ground Armor Level 1 (Chrono Boost)  
  175  14:44  Warp Prism  
  176  14:58  Nexus  
  176  15:01  Dark Templar x5, Pylon  
  176  15:02  Dark Templar  
  185  15:11  Photon Cannon  
  185  15:18  Stalker x2, Observer  
  191  15:21  Observer  
  189  15:35  Stalker  
  189  15:36  Stalker x3  
  193  15:50  High Templar x2  
  193  15:54  Fleet Beacon  
  197  16:03  Archon  
  197  16:25  Stalker x3  
  197  16:59  Nexus  
  197  17:10  Observer  
  197  17:13  Observer  
  188  17:29  Observer  
  126  17:42  Stalker x2  
  126  17:43  Stalker x6  
  74  18:06  Stalker x5  
  74  18:07  Stalker  

Tags
 
Add a new tag
Caveats
  • Supply blocks, unpowered buildings, or Contaminate may cause inaccurate times.
  • Supply counts are checked every 10 seconds.